Map: Tropical Sacrifice

Players

MattBarry - Winner!

  • Race: Zerg Zerg
  • League: Silver
  • Spawn Location: 1:00

Providence

  • Race: Terran Terran
  • League: Silver
  • Spawn Location: 7:00

VOD

Have the link to the VOD?

Description

Time

  • Played on: Jan. 20, 2023, 4:05 a.m.
  • Length: 18:17
Show
View Real Time Build Order
Export as new Build Order

MattBarry Zerg - Winner!

Build Orders: Pool First 

Get SALT Encoding   

  12  0:00  Drone  
  13  0:09  Drone  
  14  0:26  Spawning Pool  
  13  0:29  Drone  
  13  0:34  Extractor  
  13  0:36  Drone  
  14  0:45  Overlord  
  14  1:01  Drone, Extractor  
  15  1:04  Evolution Chamber, Drone  
  15  1:08  Drone  
  16  1:15  Zergling x2  
  17  1:24  Zergling x2  
  18  1:31  Queen  
  20  1:38  Zergling x2  
  21  1:43  Metabolic Boost  
  21  1:49  Drone  
  22  1:56  Extractor, Overlord  
  21  2:02  Evolution Chamber  
  21  2:07  Drone  
  23  2:17  Zergling x2  
  24  2:29  Drone  
  25  2:45  Hatchery  
  23  2:54  Drone x3  
  23  2:55  Queen  
  28  3:04  Zerg Melee Weapons Level 1  
  28  3:23  Drone  
  28  3:24  Overlord  
  29  3:27  Extractor  
  29  3:30  Evolution Chamber  
  29  3:31  Drone x2  
  29  3:50  Baneling Nest  
  29  3:54  Drone  
  29  3:55  Drone x2  
  31  4:00  Zerg Missile Weapons Level 1  
  31  4:05  Queen  
  33  4:16  Drone  
  35  4:17  Drone  
  35  4:18  Zergling x4  
  37  4:34  Zergling x2  
  37  4:35  Zergling x8  
  42  4:40  Baneling  
  42  4:41  Baneling x5  
  42  4:42  Baneling  
  42  4:50  Drone  
  43  4:54  Overlord  
  33  5:36  Drone  
  33  5:37  Drone x4  
  33  5:41  Roach Warren, Lair  
  37  5:43  Zerg Ground Armor Level 1  
  37  5:45  Hatchery  
  36  5:51  Drone  
  36  5:52  Drone x2  
  39  6:07  Zergling x4, Drone x3  
  39  6:08  Zergling x4  
  39  6:09  Zergling x2  
  47  6:14  Overlord  
  47  6:17  Pneumatized Carapace  
  47  6:34  Roach x2  
  47  6:35  Roach, Overlord x2  
  53  6:40  Glial Reconstitution  
  53  6:46  Extractor  
  52  6:47  Extractor  
  52  6:53  Spire  
  50  6:55  Roach  
  50  6:56  Roach  
  50  6:57  Extractor  
  50  7:00  Extractor, Drone  
  50  7:01  Drone  
  54  7:18  Ravager  
  55  7:35  Hatchery, Drone x2  
  55  7:36  Drone x3, Overlord  
  59  7:43  Spore Crawler  
  59  7:44  Spore Crawler x2  
  57  7:45  Drone x2  
  57  7:50  Drone  
  57  7:51  Drone x2  
  61  8:07  Mutalisk  
  61  8:08  Mutalisk x2  
  67  8:19  Mutalisk  
  69  8:25  Drone x5  
  69  8:26  Drone x4  
  78  8:33  Zergling x4  
  80  8:34  Mutalisk  
  82  8:45  Mutalisk x2  
  85  9:20  Mutalisk x5  
  95  9:33  Overlord  
  95  9:34  Overlord x3  
  81  9:54  Hatchery  
  79  10:04  Drone x4  
  83  10:12  Drone x2  
  83  10:13  Mutalisk, Drone  
  83  10:14  Mutalisk x2  
  80  10:41  Zergling x2  
  80  10:42  Zergling x16  
  71  11:04  Zergling x14  
  71  11:05  Zergling x2  
  71  11:10  Drone  
  79  11:23  Queen, Drone x2  
  79  11:25  Queen  
  85  11:48  Drone x2  
  85  11:49  Infestation Pit  
  85  11:50  Drone  
  85  11:52  Drone  
  85  11:53  Drone x6  
  85  11:54  Drone  
  95  11:59  Overlord x2  
  95  12:21  Drone  
  95  12:22  Drone x6  
  102  12:23  Drone  
  102  12:26  Hive  
  102  12:28  Zerg Melee Weapons Level 2  
  103  12:42  Extractor  
  103  12:43  Extractor  
  101  13:05  Corruptor x9  
  119  13:18  Drone x2  
  119  13:19  Drone  
  122  13:23  Hatchery  
  121  13:27  Drone x2  
  121  13:28  Drone x5  
  121  13:29  Drone, Overlord  
  121  13:30  Overlord  
  129  13:45  Drone x7  
  129  13:46  Drone x5  
  141  14:06  Baneling x20  
  118  14:24  Corruptor  
  118  14:25  Corruptor x9  
  136  14:32  Queen  
  138  14:42  Corruptor x2  
  138  14:43  Corruptor x3  
  148  14:56  Adrenal Glands  
  148  14:59  Zerg Melee Weapons Level 3  
  148  15:06  Centrifugal Hooks  
  148  15:10  Extractor  
  148  15:12  Extractor  
  146  15:25  Greater Spire  
  146  15:45  Hatchery  
  146  15:46  Zergling x2  
  146  15:47  Zergling x4, Overlord x3  
  146  15:48  Overlord x4  
  148  16:05  Overlord  
  148  16:06  Overlord x2  
  148  16:09  Overseer  
  148  16:10  Overseer  
  148  16:29  Queen  
  150  16:38  Brood Lord x5  
  150  16:39  Brood Lord x4  
  168  16:46  Zergling x2  
  169  16:47  Zergling x32  
  185  17:04  Roach  
  185  17:05  Roach x6  
Show
View Real Time Build Order
Export as new Build Order

Providence Terran 

Build Orders:  

Get SALT Encoding   

  12  0:00  SCV  
  13  0:17  Supply Depot  
  13  0:18  SCV  
  14  0:30  SCV  
  15  0:42  Barracks  
  15  0:43  SCV  
  15  0:47  Refinery  
  16  0:55  SCV  
  17  1:07  SCV  
  18  1:19  SCV  
  19  1:31  Orbital Command  
  19  1:42  Barracks Reactor  
  19  1:45  Command Center  
  19  2:02  SCV  
  20  2:13  Supply Depot  
  20  2:14  SCV  
  20  2:15  Refinery  
  21  2:20  Marine x2  
  23  2:30  Factory  
  23  2:34  SCV  
  22  2:54  Marine  
  22  2:55  Marine  
  22  3:29  Marine x2  
  24  3:37  Factory Tech Lab  
  24  3:39  Starport  
  24  3:43  SCV  
  25  3:51  Command Center  
  25  3:52  Marine  
  25  3:53  Marine  
  27  4:04  Barracks  
  27  4:05  Barracks  
  27  4:07  Barracks  
  27  4:12  Siege Tank  
  27  4:14  Marine  
  31  4:25  Supply Depot  
  31  4:27  Supply Depot  
  31  4:35  Supply Depot  
  31  4:37  Starport Reactor  
  31  4:47  Marine  
  31  4:50  Marine  
  33  4:53  Barracks  
  31  5:31  Barracks Reactor  
  31  5:34  Supply Depot  
  31  6:03  Bunker  
  31  6:11  SCV, Refinery  
  32  6:24  SCV, Siege Tank  
  36  6:28  Medivac x2  
  40  6:36  SCV  
  41  6:43  Orbital Command  
  41  6:45  Refinery  
  41  6:48  SCV  
  42  6:59  Barracks Tech Lab x2, Barracks Reactor  
  42  7:00  Barracks Reactor  
  42  7:10  SCV  
  43  7:22  SCV  
  43  7:28  SCV  
  45  7:35  SCV  
  46  7:37  Combat Shield  
  46  7:39  Stimpack  
  46  7:40  SCV  
  47  7:46  Engineering Bay  
  47  7:47  SCV, Engineering Bay  
  47  7:50  Armory  
  48  7:52  SCV  
  48  7:53  Liberator x2  
  58  7:58  Siege Tank  
  58  7:59  SCV  
  58  8:02  Marauder x2  
  58  8:04  SCV  
  64  8:10  Marine x4  
  64  8:11  Marine, SCV  
  70  8:24  Supply Depot  
  70  8:26  Supply Depot  
  70  8:29  Supply Depot  
  70  8:31  Terran Infantry Weapons Level 1  
  70  8:35  Terran Infantry Armor Level 1  
  70  8:45  Marine  
  70  8:46  SCV, Siege Tank  
  75  9:01  Marauder x2  
  75  9:02  Marine x4  
  81  9:03  Marine  
  81  9:04  Marine  
  85  9:10  Terran Vehicle And Ship Armor Level 1  
  85  9:19  Concussive Shells  
  85  9:49  Siege Tank  
  85  9:50  Medivac x2  
  89  9:54  Marauder x2  
  90  10:20  Medivac x2  
  94  10:23  SCV x2  
  93  10:33  Siege Tank  
  90  10:35  SCV  
  74  11:01  SCV x2  
  74  11:05  Terran Vehicle Weapons Level 1  
  74  11:10  Viking x2  
  76  11:13  SCV  
  77  11:19  Marine  
  77  11:20  Marine x2  
  77  11:22  Marine x2  
  77  11:23  Marine x3  
  85  11:33  Missile Turret x2  
  85  11:37  Marine x2  
  85  11:38  Marine  
  88  11:40  Marine x2, Viking x2  
  88  11:45  Missile Turret  
  94  11:48  Missile Turret  
  94  11:50  Missile Turret  
  94  11:54  Supply Depot, Missile Turret  
  94  11:55  Supply Depot  
  94  11:56  Supply Depot  
  94  11:59  Supply Depot  
  94  12:14  Terran Infantry Weapons Level 2  
  94  12:15  Viking x2, Marine x4, Terran Infantry Armor Level 2  
  102  12:17  Marine x4  
  106  12:25  Siege Tank  
  109  12:33  Marine x4  
  109  12:34  Marine x4  
  117  12:57  Marine x8  
  125  12:58  Terran Vehicle And Ship Armor Level 2  
  125  13:15  Marine  
  126  13:35  Supply Depot  
  126  13:39  Supply Depot  
  126  13:40  Supply Depot  
  126  13:41  Supply Depot x2  
  126  13:56  Marine x4, Medivac x2  
  126  14:00  Marine x3  
  137  14:04  Supply Depot  
  137  14:05  Supply Depot  
  81  14:39  Marine x3  
  81  14:40  Marine x5  
  85  14:57  Marine x8, Terran Infantry Weapons Level 3  
  93  15:03  Terran Infantry Armor Level 3  
  93  15:08  Medivac x2  
  97  15:14  Terran Vehicle Weapons Level 2  
  97  15:15  Marine x8  
  105  15:26  Command Center  
  105  15:30  Command Center  
  105  15:32  Marine  
  105  15:33  Marine x6  
  105  15:35  Marine  
  113  15:50  Marine  
  113  15:51  Marine x6  
  113  15:53  Marine  
  121  16:04  Medivac x2  
  121  16:08  Marine  
  121  16:09  Marine x2  
  128  16:14  Marine  
  128  16:15  Marine x4  
  133  16:26  Marine x3  
  133  16:32  Marine x2  
  137  16:33  Marine x2  
  137  16:34  Medivac x2  
  144  17:03  Marine  
  144  17:04  Marine x7, Medivac x2  
  156  17:21  Marine  
  156  17:22  Marine x2  
  159  17:27  Missile Turret  
Tags
 
Matchup
TvZ
Opening
Pool First
Replay Pack
Multiplayer
Spawn Locations
Cross Positions
Add a new tag
Caveats
  • Supply blocks, unpowered buildings, or Contaminate may cause inaccurate times.
  • Supply counts are checked every 10 seconds.